 Dungeon Crawl Stone Soup version 0.22-a0-612-gd2f0174 (webtiles) character file.

118 sking99 the Poker (level 5, 0/41 HPs)
             Began as a Merfolk Skald on July 11, 2018.
             Was an Initiate of Yredelemnul.
             Slain by a worker ant (1 damage)
             ... on level 4 of the Dungeon.
             The game lasted 00:05:03 (2963 turns).

sking99 the Poker (Merfolk Skald)                   Turns: 2963, Time: 00:05:03

Health: 0/41       AC:  3    Str: 11    XL:     5   Next: 2%
Magic:  4/8        EV: 13    Int: 13    God:    Yredelemnul [......]
Gold:   119        SH:  0    Dex: 14    Spells: 3/8 levels left

rFire    . . .     SeeInvis .   a - +0 spear
rCold    . . .     Gourm    .   (no shield)
rNeg     . . .     Faith    .   b - +0 leather armour
rPois    .         Spirit   .   (no helmet)
rElec    .         Reflect  .   (no cloak)
rCorr    .         Harm     .   (no gloves)
MR       .....                  (no boots)
Stlth    +.........             (no amulet)
HPRegen  0.13/turn              (no ring)
MPRegen  0.11/turn              (no ring)

@: lethally poisoned (0 -> -3)
A: change form in water, swift swim, stealthy swim
a: Renounce Religion


You were on level 4 of the Dungeon.
You worshipped Yredelemnul.
Yredelemnul was noncommittal.
You were not hungry.

You visited 1 branch of the dungeon, and saw 4 of its levels.

You collected 119 gold pieces.

Inventory:

Hand Weapons
 a - a +0 spear (weapon)
Armour
 b - a +0 leather armour (worn)
Jewellery
 f - an uncursed ring of positive energy {unknown}
 m - an uncursed ring of ice {unknown}
Scrolls
 c - a scroll of immolation {unknown}
 e - 4 scrolls of identify {unknown}
 i - a scroll of blinking {unknown}
 n - a scroll of magic mapping {unknown}
Potions
 g - a potion of mutation {unknown}
 h - a potion of lignification {unknown}
 j - a potion of brilliance {unknown}
 k - a potion of berserk rage {unknown}
Comestibles
 d - 5 rations


   Skills:
 + Level 3.1 Fighting
 * Level 5.2 Polearms
 - Level 0.6 Armour
 + Level 3.7 Dodging
 - Level 2.0 Spellcasting
 + Level 4.0 Charms


You had 3 spell levels left.
You knew the following spells:

 Your Spells              Type           Power        Failure   Level  Hunger
a - Infusion              Chrm           ##..         6%          1    ##.....
b - Song of Slaying       Chrm           ##......     10%         2    ###....
c - Shroud of Golubria    Chrm/Tloc      #.........   22%         2    ###....

Your spell library contained the following spells:

 Spells                   Type           Power        Failure   Level  Hunger
 Regeneration             Chrm/Necr      #.........   41%         3    ####...
 Spectral Weapon          Hex/Chrm       #.......     41%         3    ####...


Dungeon Overview and Level Annotations

Branches:
Dungeon (4/15)
 Temple: D:4-7

Altars:
Elyvilon
Trog
Yredelemnul


Message History

Confirm with . or Enter, or press ? or * to list all spells.
Space distorts slightly along a thin shroud covering your body.
You feel sick. The worker ant barely misses you.
The orc priest hits you with a flail!
Your shroud falls apart!
Unknown command.
Casting: Shroud of Golubria (safe; 22% risk of failure)
Confirm with . or Enter, or press ? or * to list all spells.
Space distorts slightly along a thin shroud covering your body.
You feel sick.
Your shroud bends the worker ant's attack away.
The worker ant bites you but does no damage.
The orc priest invokes the aid of Beogh against you.
Beogh smites you!
* * * LOW HITPOINT WARNING * * *
You closely miss the orc priest.
The orc priest is heavily wounded.
The worker ant bites you.
You die...
Your body rises from the dead as a mindless zombie.

#.......#
#.#
#########
#.#
#####.##
#......##
#.#.#...##
.........#
###.####.#
...
#.#####
...
#.@ooo#
#..
#a###.#
... ....
...#.#
.....#..
.... #..
#.# #.# ..
..


You could see a worker ant, an orc priest and 2 orcs.

Vanquished Creatures
  2 adders
  An ooze (D:3)
  3 worms
  2 dart slugs
  12 orcs
  3 bats
  7 giant cockroaches
  5 goblins
  8 hobgoblins
  3 jackals (D:2)
  9 frilled lizards (D:1)
  4 kobolds
  12 rats
71 creatures vanquished.

Notes
Turn   | Place    | Note
-------+----------+-------------------------------------------
     0 | D:1      | sking99 the Merfolk Skald began the quest for the Orb.
     0 | D:1      | Reached XP level 1. HP: 16/16 MP: 3/3
   142 | D:1      | Reached XP level 2. HP: 21/23 MP: 5/5
   636 | D:1      | Reached XP level 3. HP: 24/28 MP: 6/6
   711 | D:1      | Reached skill level 4 in Polearms
   944 | D:1      | Learned a level 2 spell: Song of Slaying
   947 | D:1      | Learned a level 2 spell: Shroud of Golubria
  1144 | D:2      | Found a white marble altar of Elyvilon.
  1220 | D:2      | Found a faded altar of an unknown god.
  1769 | D:3      | Found a basalt altar of Yredelemnul.
  1778 | D:3      | Reached XP level 4. HP: 20/34 MP: 4/7
  2259 | D:3      | Became a worshipper of Yredelemnul the Dark
  2400 | D:3      | Reached skill level 5 in Polearms
  2595 | D:3      | Noticed a moth of wrath
  2598 | D:3      | Found a bloodstained altar of Trog.
  2870 | D:4      | Reached XP level 5. HP: 40/41 MP: 8/8
  2962 | D:4      | HP: 1/41 [orc priest/divine providence (14)]
  2963 | D:4      | Slain by a worker ant

Vault maps used:
D:1:      scummos_arrival_star, minmay_lizard_pond
D:2:      elyvilon_altar_5, chequers_ecumenical_altar_simple_redux,
          grunt_ministairs_6
D:3:      grunt_dithmenos_smoke_and_mirrors, tgw_trog,
          yredelemnul_altar_generic, first_ration
D:4:      kennysheep_mini, old_standard_altar, minmay_unequal

Skill      XL: |  1  2  3  4 |
---------------+-------------+-----
Dodging        | 3 |  3.7
Polearms       | 4 5 |  5.2
Fighting       | 3 |  3.1
Charms         | 4 |  4.0
Armour         | |  0.6
Spellcasting   | |  2.0

Action                   |  1- 3 |  4- 6 || total
-------------------------+-------+-------++-------
Melee: Spear             |   164 |   128 ||   292
 Cast: Infusion          |    13 |     2 ||    15
       Shroud of Golubri |       |     6 ||     6
       Song of Slaying   |       |     3 ||     3
 Stab: Sleeping          |     1 |       ||     1
  Eat: Chunk             |     3 |     5 ||     8
Armor: Leather armour    |    27 |    21 ||    48
Dodge: Dodged            |    78 |    85 ||   163

Table legend:
 A = Spawn XP
 B = Non-spawn XP
 C = Spawn XP percentage of total XP
 D = Spawn monster count
 E = Non-spawn monster count
 F = Spawn count percentage of total count
 G = Total turns spent on level
                    A         B        C        D         E        F      G
               +---------+---------+-------+---------+---------+-------+---------
         Total |       0 |     169 |   0.0 |       0 |      71 |   0.0 |  2963
               +---------+---------+-------+---------+---------+-------+---------
           D:1 |       0 |      43 |   0.0 |       0 |      29 |   0.0 |   946
           D:2 |       0 |      38 |   0.0 |       0 |      12 |   0.0 |   997
           D:3 |       0 |      83 |   0.0 |       0 |      28 |   0.0 |   908
           D:4 |       0 |       5 |   0.0 |       0 |       2 |   0.0 |   112
               +---------+---------+-------+---------+---------+-------+---------
